 Dungeon Crawl Stone Soup version 0.16.1-17-g773cdaf (webtiles) character file.

30 tesudzi the Covered (level 3, 0/26 HPs)
             Began as a Demonspawn Wanderer on Apr 23, 2015.
             Slain by a jackal (1 damage)
             ... on level 2 of the Dungeon.
             The game lasted 00:07:06 (1034 turns).

tesudzi the Covered (Demonspawn Wanderer)           Turns: 1034, Time: 00:07:07

Health: 0/26       AC:  2    Str: 13    XL:     3   Next: 3%
Magic:  1/6        EV: 11    Int: 14    God:
Gold:   49         SH:  0    Dex: 11    Spells: 2 memorised, 4 levels left

rFire  . . .     SeeInvis .     n - +3 dagger
rCold  . . .     Clarity  .     e - +0 robe
rNeg   . . .     SustAb   .     (no shield)
rPois  +         Gourm    .     (no helmet)
rElec  .         Spirit   .     (no cloak)
rCorr  .         Warding  .     (no gloves)
rMut   .         Stasis   .     (no boots)
MR     .....                    (no amulet)
Stlth  ++........               (no ring)
                                g - ring of poison resistance

@: not resistant to hostile enchantments, unstealthy
A: nightstalker 1
a: no special abilities


You were on level 2 of the Dungeon.
You were not hungry.

You visited 1 branch of the dungeon, and saw 2 of its levels.

You collected 49 gold pieces.

Inventory:

Hand weapons
 b - a +2 blowgun
 j - a +0 hand axe
 n - a +3 dagger (weapon)
Missiles
 a - a curare-tipped needle
Armour
 e - a +0 robe (worn)
Jewellery
 g - a ring of poison resistance (left hand)
Scrolls
 l - 2 scrolls of teleportation {unknown}
Books
 c - the Grimoire of Arcane Weapons and the Birds

   Spells                             Type                      Level
   a - Shock                          Conjuration/Air              1
   b - Mephitic Cloud                 Conjuration/Poison/Air       3
 d - Lehudib's Grimoire of Venomous Damage Dealing

   Spells                             Type                      Level
   a - Sting                          Conjuration/Poison           1
   b - Mephitic Cloud                 Conjuration/Poison/Air       3
Comestibles
 f - 2 bread rations
 h - a beef jerky


   Skills:
 - Level 1.2 Fighting
   Level 1.7 Bows
 - Level 1.0 Throwing
 - Level 2.6 Armour
 - Level 2.0 Spellcasting
 + Level 1.7 Conjurations
 + Level 1.7 Poison Magic
   Level 1.0 Evocations


You had 4 spell levels left.
You knew the following spells:

 Your Spells              Type           Power        Failure   Level  Hunger
a - Shock                 Conj/Air       #...         21%         1    ##.....
b - Sting                 Conj/Pois      #...         14%         1    ##.....


Dungeon Overview and Level Annotations

Branches:
Dungeon (2/15)

Altars:
The Shining One


Innate Abilities, Weirdness & Mutations

You are slightly more attuned to the shadows.


Message History

You aren't carrying any potions.
Read which item? (? for menu, Esc to quit)
As you read the scroll labeled SMIETAHOUPS, it crumbles to dust.
You hear a loud clanging noise!
It was a scroll of noise.
You hear a shout! x2
The jackal barely misses you. x2
The jackal closely misses you.
The jackal looks more healthy.
You see here a jackal corpse.
The jackal closely misses you. The jackal bites you.
* * * LOW HITPOINT WARNING * * *
Your magical contamination has completely faded away.
Read which item? (? for menu, Esc to quit)
As you read the scroll labeled CHAEDA TRUBU, it crumbles to dust.
The scroll dissolves into smoke.
It was a scroll of fog.
The jackal bites you but does no damage.
The jackal bites you.
You die...

. .# .#
##.###
#..<.#
#....#
#...?#
#.##
#§@######
#§§h§§<.#
#§§§§§..#
#(§§§...#
#.......#
#....####
#.....#
#.....#
#....##


You could see a jackal.

Vanquished Creatures
  2 oozes (D:1)
  6 bats (D:1)
  A hobgoblin (D:1)
  2 jackals (D:2)
  A kobold (D:1)
  A giant cockroach (D:1)
  3 giant newts (D:1)
  6 goblins
  3 rats (D:1)
25 creatures vanquished.

Notes
Turn   | Place    | Note
--------------------------------------------------------------
     0 | D:1      | tesudzi, the Demonspawn Wanderer, began the quest for the Orb.
     0 | D:1      | tesudzi set off with: a curare-tipped needle, a +2 blowgun, the Grimoire of Arcane Weapons and the Birds, Lehudib's Grimoire of Venomous Damage Dealing, a +0 robe, a bread ration
     0 | D:1      | Reached XP level 1. HP: 13/13 MP: 3/3
     0 | D:1      | Identified the Grimoire of Arcane Weapons and the Birds
     0 | D:1      | Identified Lehudib's Grimoire of Venomous Damage Dealing
     2 | D:1      | Learned a level 1 spell: Shock
   108 | D:1      | Reached skill level 1 in Fighting
   164 | D:1      | Learned a level 1 spell: Sting
   616 | D:1      | Gained mutation: You are slightly more attuned to the shadows. [demonic ancestry]
   616 | D:1      | Reached XP level 2. HP: 21/21 MP: 4/4
   646 | D:1      | Reached skill level 1 in Conjurations
   761 | D:1      | Found a glowing golden altar of the Shining One.
  1003 | D:2      | Reached XP level 3. HP: 17/26 MP: 3/6
  1032 | D:2      | HP: 1/26 [jackal (2)]
  1034 | D:2      | Slain by a jackal

Action                   || total
-------------------------++-------
Melee: Unarmed           ||    11
       Hand axe          ||    39
       Dagger            ||    22
 Fire: Blowgun           ||     1
 Cast: Shock             ||    21
       Sting             ||     6
  Use: Scroll            ||     2
 Stab: Sleeping          ||     1
  Eat: Chunk             ||     1
